 Dungeon Crawl Stone Soup version 0.30-a0-778-g2ef04afb54 (webtiles) character file.

Game seed: 2054471417543268969

334 IndexError the Shooter (level 6, -3/36 HPs)
             Began as a Deep Elf Hexslinger on Feb 16, 2023.
             Was an Initiate of Hepliaklqana.
             Slain by Blork the orc
             ... wielding a +0 halberd
              (7 damage)
             ... on level 5 of the Dungeon.
             The game lasted 00:09:19 (4064 turns).

IndexError the Shooter (Deep Elf Hexslinger)        Turns: 4064, Time: 00:09:19

Health: -3/36      AC:  8    Str:  7    XL:     6   Next: 27%
Magic:  10/10      EV: 13    Int: 18    God:    Hepliaklqana [......]
Gold:   223        SH:  0    Dex: 17    Spells: 7/8 levels left

rFire   + . .      SeeInvis .    a - +1 sling
rCold   . . .      Faith    .    (no shield)
rNeg    . . .      Spirit   .    c - +0 robe
rPois   .          Reflect  .    (no helmet)
rElec   .          Harm     .    i - +1 cloak
rCorr   .          Rampage  .    (no gloves)
Will    .....                    (no boots)
Stlth   ++                       (no amulet)
HPRegen 0.26/turn                n - ring of protection from fire {rF+, !d}
MPRegen 0.12/turn                p - +4 ring of protection

@: no status effects
A: no striking features
a: Renounce Religion


You were on level 5 of the Dungeon.
You worshipped Hepliaklqana.
Hepliaklqana was noncommittal.
You visited 2 branches of the dungeon, and saw 6 of its levels.

You collected 223 gold pieces.

Inventory:

Hand Weapons
 a - a +1 sling (weapon)
Armour
 c - a +0 robe (worn)
 e - a +0 robe
   (You found it on level 1 of the Dungeon)
 i - a +1 cloak (worn)
   (You found it on level 2 of the Dungeon)
 m - a +0 chain mail
   (You found it on level 1 of the Dungeon)
 u - a +0 leather armour
   (You took it off Ijyb on level 3 of the Dungeon)
 y - a +0 plate armour
   (You found it on level 4 of the Dungeon)
 z - a +0 robe
   (You found it on level 4 of the Dungeon)
 A - a +2 cloak
   (You found it on level 4 of the Dungeon)
 B - a +0 chain mail
   (You found it on level 4 of the Dungeon)
 D - a +0 ring mail
   (You found it on level 4 of the Dungeon)
Jewellery
 n - a ring of protection from fire (left hand) {rF+, !d}
   (You found it on level 2 of the Dungeon)
 p - a +4 ring of protection (right hand)
   (You found it on level 3 of the Dungeon)
Wands
 v - a wand of polymorph (7)
   (You took it off Ijyb on level 3 of the Dungeon)
Scrolls
 b - 2 scrolls of poison {!r}
 h - 4 scrolls of fear {unknown}
 j - 8 scrolls of identify {unknown}
 q - 2 scrolls of fog {unknown}
 r - a scroll of enchant weapon {unknown}
 x - a scroll of summoning {unknown}
 C - a scroll of silence {unknown}
 E - a scroll of blinking {unknown}
 F - a scroll of vulnerability {unknown}
 G - a scroll of amnesia {unknown}
Potions
 d - a potion of lignification {unknown}
 f - a potion of curing
 g - 2 potions of invisibility {unknown}
 k - 2 potions of mutation {unknown}
 l - a potion of might {unknown}
 o - a potion of flight {unknown}
 s - a potion of heal wounds {unknown}
 t - a potion of brilliance {unknown}
 w - a potion of berserk rage {unknown}


   Skills:
 + Level 2.5 Fighting
 * Level 6.5 Ranged Weapons
 - Level 2.4 Dodging
 - Level 1.5 Spellcasting
 + Level 5.8 Hexes


You had 7 spell levels left.
You knew the following spells:

 Your Spells              Type           Power      Damage    Failure   Level
s - Slow                  Hex            88%        N/A       1%          1

Your spell library contained the following spells:

 Spells                   Type           Power      Damage    Failure   Level
 Inner Flame              Hex/Fire       11%        N/A       17%         3
 Portal Projectile        Hex/Tloc       22%        N/A       17%         3
 Cause Fear               Hex            11%        N/A       17%         4
 Shock                    Conj/Air       4%         1d3       19%         1
 Scorch                   Fire           2%         2d5       28%         2
 Swiftness                Air            1%         N/A       50%         3
 Airstrike                Air            0%         2d(1-17)  88%         4
 Flame Wave               Conj/Fire      1%         2d4       88%         4
 Sticky Flame             Conj/Fire      1%         2d3       88%         4
 Summon Cactus Giant      Summ           0%         N/A       100%        6


Dungeon Overview and Level Annotations

Branches:
Dungeon (5/15)             Temple (1/1) D:5

Altars:
Ashenzari
Cheibriados
Dithmenos
Elyvilon
Fedhas
Gozag
Hepliaklqana
Makhleb
Nemelex Xobeh
Okawaru
Qazlal
Ru
Trog
Uskayaw
Vehumet
Wu Jian
Xom
Yredelemnul
Zin
The Shining One

Shops:
D:4 [   D:5 (*

Annotations:
D:5 Blork the orc


Message History

The sling bullet closely misses Blork the orc.
Blork the orc screams, "I'll eat your brain!
And then I'll vomit it back up!"
Spoiler Alert: Blork the orc (slow) can cast Haste, Throw Frost, and go Invisible!
You shoot a sling bullet.
The sling bullet hits Blork the orc but does no damage.
Spoiler Alert: Blork the orc (slow) can cast Haste, Throw Frost, and go Invisible!
You shoot a sling bullet.
The sling bullet barely misses Blork the orc.
Blork the orc casts a spell.
Blork the orc seems to speed up.
Spoiler Alert: Blork the orc (fast, slow) can cast Haste, Throw Frost, and go Invisible!
You shoot a sling bullet. The sling bullet hits Blork the orc.
Spoiler Alert: Blork the orc (fast, slow) can cast Haste, Throw Frost, and go Invisible!
You shoot a sling bullet. The sling bullet hits Blork the orc.
Blork the orc closely misses you.
Spoiler Alert: Blork the orc (fast, slow) can cast Haste, Throw Frost, and go Invisible!
You shoot a sling bullet.
The sling bullet hits Blork the orc but does no damage.
Blork the orc hits you from afar with a +0 halberd!
Spoiler Alert: Blork the orc (fast, slow) can cast Haste, Throw Frost, and go Invisible!
You take 8 damage, and have 17/36 hp.
MASSIVE DAMAGE!!
You are too injured to fight recklessly!
Spoiler Alert: Blork the orc (fast, slow) can cast Haste, Throw Frost, and go Invisible!
You are too injured to fight recklessly!
Spoiler Alert: Blork the orc (fast, slow) can cast Haste, Throw Frost, and go Invisible!
You are too injured to fight recklessly!
Spoiler Alert: Blork the orc (fast, slow) can cast Haste, Throw Frost, and go Invisible!
Spoiler Alert: Blork the orc (fast, slow) can cast Haste, Throw Frost, and go Invisible!
Aiming: Polymorph
Press: ? - help, Shift-Dir - straight line, f/p - Blork the orc
Aim: Blork the orc, wielding a +0 halberd and wearing a +1 robe of willpower (heavily wounded, fast, slow, will become a ball python, a giant cockroach, or a bullfrog, chance to affect: 17%) Blork the orc resists with almost no effort.
Blork the orc barely misses you.
Spoiler Alert: Blork the orc (fast, slow) can cast Haste, Throw Frost, and go Invisible!
Fire: a) +1 sling
Press: ? - help, Q - select action Shift-Dir - straight line, f/p - Blork the orc
Aim: Blork the orc, wielding a +0 halberd and wearing a +1 robe of willpower (heavily wounded, fast, slow, 66% to hit)
You shoot a sling bullet.
The sling bullet closely misses Blork the orc.
Blork the orc closely misses you.
Spoiler Alert: Blork the orc (fast, slow) can cast Haste, Throw Frost, and go Invisible!
Fire: a) +1 sling
Press: ? - help, Q - select action Shift-Dir - straight line, f/p - Blork the orc
Aim: Blork the orc, wielding a +0 halberd and wearing a +1 robe of willpower (heavily wounded, fast, slow, 66% to hit)
You shoot a sling bullet. The sling bullet hits Blork the orc!
Blork the orc drinks a potion.
Blork the orc is healed!
Spoiler Alert: Blork the orc (fast, slow) can cast Haste, Throw Frost, and go Invisible!
Fire: a) +1 sling
Press: ? - help, Q - select action Shift-Dir - straight line, f/p - Blork the orc
Aim: Blork the orc, wielding a +0 halberd and wearing a +1 robe of willpower (heavily wounded, fast, slow, 66% to hit)
You shoot a sling bullet.
The sling bullet closely misses Blork the orc.
Blork the orc misses you.
Spoiler Alert: Blork the orc (fast, slow) can cast Haste, Throw Frost, and go Invisible!
Fire: a) +1 sling
Press: ? - help, Q - select action Shift-Dir - straight line, f/p - Blork the orc
Aim: Blork the orc, wielding a +0 halberd and wearing a +1 robe of willpower (heavily wounded, fast, slow, 66% to hit)
You shoot a sling bullet. The sling bullet hits Blork the orc.
Blork the orc closely misses you.
Spoiler Alert: Blork the orc (fast, slow) can cast Haste, Throw Frost, and go Invisible!
Fire: a) +1 sling
Press: ? - help, Q - select action Shift-Dir - straight line, f/p - Blork the orc
Aim: Blork the orc, wielding a +0 halberd and wearing a +1 robe of willpower (heavily wounded, fast, slow, 66% to hit)
You shoot a sling bullet. The sling bullet hits Blork the orc.
Blork the orc gestures at you while chanting.
The puff of flame hits you. You resist.
Spoiler Alert: Blork the orc (fast, slow) can cast Haste, Throw Frost, and go Invisible!
You take 2 damage, and have 17/36 hp.
Fire: a) +1 sling
Press: ? - help, Q - select action Shift-Dir - straight line, f/p - Blork the orc
Aim: Blork the orc, wielding a +0 halberd and wearing a +1 robe of willpower (severely wounded, fast, slow, 66% to hit)
You shoot a sling bullet.
The sling bullet hits Blork the orc but does no damage.
Blork the orc is no longer moving slowly.
Blork the orc hits you but does no damage.
Blork the orc misses you.
Spoiler Alert: Blork the orc (fast) can cast Haste, Throw Frost, and go Invisible!
Fire: a) +1 sling
Press: ? - help, Q - select action Shift-Dir - straight line, f/p - Blork the orc
Aim: Blork the orc, wielding a +0 halberd and wearing a +1 robe of willpower (severely wounded, fast, 66% to hit)
You shoot a sling bullet. The sling bullet hits Blork the orc.
Blork the orc closely misses you.
Spoiler Alert: Blork the orc (fast) can cast Haste, Throw Frost, and go Invisible!
MP restored: 10 Fire: a) +1 sling
Press: ? - help, Q - select action Shift-Dir - straight line, f/p - Blork the orc
Aim: Blork the orc, wielding a +0 halberd and wearing a +1 robe of willpower (almost dead, fast, 66% to hit)
You shoot a sling bullet. The sling bullet hits Blork the orc.
Blork the orc hits you from afar with a +0 halberd!
* * * LOW HITPOINT WARNING * * *
Blork the orc begins to cast a cantrip, but forgets the words!
Spoiler Alert: Blork the orc (fast) can cast Haste, Throw Frost, and go Invisible!
You take 14 damage, and have 4/36 hp.
MASSIVE DAMAGE!!
Fire: a) +1 sling
Press: ? - help, Q - select action Shift-Dir - straight line, f/p - Blork the orc
Aim: Blork the orc, wielding a +0 halberd and wearing a +1 robe of willpower (almost dead, fast, 66% to hit)
You shoot a sling bullet.
The sling bullet closely misses Blork the orc.
Blork the orc hits you from afar with a +0 halberd!
You die...

####.#.######...<....####
#.#........#.........#
#.##########.∩...###.# #.#
##....## #.# #.# ##..8###
#^# ###.## ##.....## #.#
#....## ##.......## #.#.
#.#...####.........##.∩..
#.......@'o........'.....
##.#...####.........#.....
#.....## ##.......## ....
##.#.## ##.....## ...
###.# ##...## .. #.# ##'##
. #.# #.### #.#
########.#.## #.#
#...........#####


You could see Blork the orc (fast).

Vanquished Creatures
  A sky beast (D:4)
  A jelly (D:4)
  Ijyb (D:3)
  8 adders
  4 gnolls
  2 worms
  3 ball pythons
  3 bats
  6 endoplasms
  3 giant cockroaches
  6 goblins
  11 hobgoblins
  6 jackals
  6 quokkas
  3 frilled lizards
  8 kobolds
  3 rats
75 creatures vanquished.

Notes
Turn   | Place    | Note
-------+----------+-------------------------------------------
     0 | D:1      | IndexError the Deep Elf Hexslinger began the quest for the
                  | Orb.
     0 | D:1      | Reached XP level 1. HP: 11/11 MP: 5/5
    21 | D:1      | Reached skill level 3 in Ranged Weapons
    50 | D:1      | You fall into a shaft and drop 1 floor!
    67 | D:2      | HP: 1/11 [quokka (4)]
    77 | D:2      | HP: 1/11 [kobold/+0 whip (2)]
    78 | D:2      | Reached XP level 2. HP: 2/16 MP: 3/6
   165 | D:2      | Reached skill level 1 in Fighting
   330 | D:2      | HP: 4/16 [poisoned by an adder]
   439 | D:2      | Reached skill level 4 in Ranged Weapons
   439 | D:2      | Reached XP level 3. HP: 20/20 MP: 5/7
  1208 | D:2      | Reached XP level 4. HP: 25/25 MP: 8/8
  1668 | D:3      | Found a faded altar of an unknown god.
  1711 | D:3      | Reached skill level 5 in Ranged Weapons
  1711 | D:3      | Reached skill level 5 in Hexes
  2089 | D:3      | Noticed Ijyb
  2111 | D:3      | Killed Ijyb
  2263 | D:4      | Reached XP level 5. HP: 30/30 MP: 7/9
  2383 | D:4      | Noticed a sky beast
  2475 | D:4      | Reached skill level 2 in Fighting
  2496 | D:4      | Found Josibepn's Armour Boutique.
  2893 | D:4      | Reached skill level 6 in Ranged Weapons
  3265 | D:4      | Killed a sky beast
  3266 | D:4      | Reached XP level 6. HP: 21/36 MP: 7/10
  3418 | D:4      | Found a white marble altar of Elyvilon.
  3418 | D:4      | Found a burning altar of Makhleb.
  3468 | D:5      | Entered Level 5 of the Dungeon
  3525 | D:5      | Found a staircase to the Ecumenical Temple.
  3532 | Temple   | Entered the Ecumenical Temple
  3568 | Temple   | Became a worshipper of Hepliaklqana the Forgotten
  3920 | D:5      | Found Enakaes's Antique Weapon Shoppe.
  3937 | D:5      | Found Vekor's General Store.
  4030 | D:5      | Noticed Blork the orc
  4063 | D:5      | HP: 4/36 [Blork the orc/+0 halberd (14)]
  4064 | D:5      | Slain by Blork the orc

Illustrated notes

Levels and vault maps discovered:
D:1:      lemuel_arrival_lava_pool, layout_basic
D:2:      layout_loops_ring
D:3:      layout_loops_ring, basic_ecumenical_altar, uniq_ijyb
D:4:      layout_cave_pools, minitemple, minmay_shop_grid_forest
D:5:      layout_loops_corners, minmay_temple_entry_overgrown, serial_shops,
          shop, shop, shop, shop_statue, nicolae_lakefront_shop,
          uniq_blork_the_orc
Temple:   mainiacjoe_temple_bowtie_tessellation

Skill      XL: |  1  2  3  4  5 |
---------------+----------------+-----
Ranged Weapons | 3 4 5 6 |  6.5
Fighting       | 1 2 |  2.5
Hexes          | 5 |  5.8
Dodging        | |  2.4
Spellcasting   | |  1.5

Action                     |  1- 3 |  4- 6 || total
---------------------------+-------+-------++-------
  Melee: Unarmed           |       |    14 ||    14
   Fire: Sling             |   129 |   206 ||   335
   Cast: Slow              |     6 |    31 ||    37
  Evoke: Wand              |       |     1 ||     1
 Armour: Robe              |    20 |    38 ||    58
         Skin              |       |     2 ||     2
  Dodge: Dodged            |    44 |   100 ||   144

Table legend: (Time is in decaauts)
 A = Elapsed time spent in this place.
 B = Non-inter-level travel time spent in this place.
 C = Inter-level travel time spent in this place.
 D = Time resting spent in this place.
 E = Time spent auto-exploring this place.
 F = Levels seen in this place.
 G = Mean time per level.
                   A        B        C        D        E       F      G
               +--------+--------+--------+--------+--------+-----+--------+
         Total |   4120 |   3714 |    406 |      0 |   2887 |   6 |  686.7 |
       Dungeon |   3856 |   3470 |    386 |      0 |   2661 |   5 |  771.2 |
        Temple |    264 |    244 |     20 |      0 |    226 |   1 |  264.0 |
               +--------+--------+--------+--------+--------+-----+--------+

Top non-repeatable levels by time:
     D:3: 1070 daAuts
     D:4: 1012 daAuts
     D:2: 790 daAuts
     D:1: 726 daAuts
  Temple: 264 daAuts
     D:5: 257 daAuts

Table legend:
 A = Kills in this place as a percentage of kills in entire the game.
 B = Kills by you in this place as a percentage of kills by you in the entire game.
 C = Kills by friends in this place as a percentage of kills by friends in the entire game.
 D = Other kills in this place as a percentage of other kills in the entire game.
 E = Experience gained in this place as a percentage of experience gained in the entire game.
 F = Experience gained in this place divided by the number of levels of this place that you have seen.
                   A       B       C       D       E      F
               +-------+-------+-------+-------+-------+----------------------
         Total | 100.0 | 100.0 |   N/A |   N/A | 100.0 |  79.7
       Dungeon | 100.0 | 100.0 |   N/A |   N/A | 100.0 |  95.6
               +-------+-------+-------+-------+-------+----------------------
